Map: Abiogenesis LE

Players

RealBear

  • Race: Terran Terran
  • League: Gold
  • Spawn Location: 11:00

A.I. 1 (Very Easy) - Winner!

  • Race: Protoss Protoss
  • Spawn Location: 5:00

VOD

Have the link to the VOD?

Description

Time

  • Played on: Feb. 10, 2018, 1:09 p.m.
  • Length: 11:30
Show
View Real Time Build Order
Export as new Build Order

RealBear Terran 

Build Orders: MMM Bio 

Get SALT Encoding   

  12  0:01  SCV  
  13  0:15  Supply Depot  
  13  0:17  SCV  
  14  0:25  Refinery  
  14  0:30  SCV  
  15  0:43  Barracks  
  15  0:46  SCV  
  16  1:02  SCV  
  17  1:14  SCV  
  18  1:26  SCV  
  19  1:33  Factory  
  19  1:38  Orbital Command  
  19  1:47  Reaper  
  20  2:06  SCV  
  21  2:19  Command Center, SCV  
  21  2:22  Barracks  
  22  2:31  SCV  
  22  2:35  Barracks  
  23  2:52  SCV  
  23  3:02  Barracks Tech Lab  
  23  3:15  SCV  
  23  3:18  Refinery  
  24  3:23  Marine  
  25  3:27  SCV  
  25  3:28  Stimpack  
  26  3:46  Starport  
  26  3:47  Orbital Command  
  26  3:52  Marine x2  
  26  3:53  Marine  
  29  3:56  SCV  
  30  4:11  Marine x2  
  30  4:13  Marine  
  33  4:17  SCV  
  33  4:19  SCV  
  35  4:29  Marine x2  
  35  4:30  Supply Depot  
  37  4:33  SCV  
  38  4:44  Command Center, Marine  
  39  4:46  Marine  
  42  5:00  Widow Mine  
  42  5:02  Marine x2  
  42  5:06  SCV  
  45  5:17  Marine  
  45  5:18  SCV  
  45  5:20  SCV  
  48  5:26  Supply Depot  
  48  5:28  Marine  
  48  5:29  Marine  
  48  5:32  Widow Mine  
  48  5:33  SCV  
  48  5:35  Marine  
  54  5:47  Marine x2  
  56  5:52  Supply Depot  
  56  5:53  Marine  
  56  5:57  Widow Mine  
  59  6:05  Marine x2  
  59  6:06  Medivac  
  59  6:09  SCV  
  59  6:10  Marine  
  65  6:12  Orbital Command  
  65  6:21  Widow Mine  
  65  6:23  Marine x2  
  69  6:29  Barracks Reactor  
  69  6:33  SCV  
  69  6:35  SCV  
  71  6:42  Widow Mine  
  71  6:44  Engineering Bay, Refinery  
  71  6:45  SCV  
  74  6:48  Engineering Bay, Refinery, SCV x2  
  74  6:51  Medivac  
  74  6:52  Marine  
  74  6:53  Marine  
  80  7:08  Supply Depot  
  80  7:10  Supply Depot, Marine  
  80  7:11  Marine  
  80  7:13  Marine x2  
  84  7:18  Terran Infantry Weapons Level 1  
  84  7:19  Terran Infantry Armor Level 1  
  84  7:25  SCV x3  
  84  7:29  Marine  
  89  7:30  Marine  
  89  7:31  Marine  
  92  7:37  SCV x3  
  92  7:42  Barracks Reactor  
  93  7:47  Marine  
  93  7:48  Marine  
  93  7:50  Marine  
  96  7:53  SCV  
  96  7:55  Supply Depot  
  97  8:00  SCV  
  97  8:01  SCV  
  102  8:05  Widow Mine  
  102  8:06  Medivac, Marine  
  102  8:08  Marine  
  107  8:12  Marauder  
  107  8:16  Combat Shields  
  107  8:18  Supply Depot  
  107  8:24  Marine x2  
  107  8:25  Marine  
  107  8:26  Marine  
  113  8:27  Widow Mine  
  113  8:32  SCV  
  113  8:33  SCV x2  
  116  8:40  Marauder, Medivac  
  116  8:41  Supply Depot  
  120  8:42  Marine x3  
  120  8:43  Marine  
  124  8:56  Widow Mine  
  124  8:59  Marine  
  124  9:00  Marine  
  128  9:03  Supply Depot  
  128  9:09  Medivac, Marine  
  129  9:10  Marine  
  129  9:12  Marine  
  129  9:14  SCV x2  
  135  9:17  Marine  
  135  9:18  Widow Mine  
  138  9:26  Supply Depot  
  138  9:31  Marine x2  
  138  9:33  Marauder, Marine  
  138  9:35  Marine  
  138  9:38  SCV x3  
  147  9:50  Supply Depot  
  147  9:52  Armory  
  147  9:53  Marine x2  
  147  9:55  Marauder  
  151  10:12  Marine x2  
  151  10:13  Supply Depot, Marine  
  154  10:23  Marine x2  
Show
View Real Time Build Order
Export as new Build Order

A.I. 1 (Very Easy) Protoss - Winner!

Build Orders: 1 Gate Expand, Nexus First 

Get SALT Encoding   

  12  0:00  Probe  
  13  0:13  Probe  
  14  0:19  Pylon  
  14  0:43  Gateway  
  14  1:03  Nexus  
  14  1:20  Pylon  
  14  1:23  Assimilator  
  14  1:30  Zealot  
  16  1:36  Cybernetics Core  
  16  1:38  Probe  
  17  1:50  Probe  
  18  2:00  Assimilator  
  18  2:02  Probe  
  19  2:14  Probe, Stalker  
  22  2:17  Probe  
  23  2:26  Probe, Warp Gate  
  24  2:31  Probe  
  25  2:39  Probe  
  26  2:56  Probe  
  26  2:57  Assimilator  
  27  2:59  Pylon  
  27  3:03  Probe  
  28  3:10  Probe  
  29  3:16  Robotics Facility  
  29  3:17  Probe  
  30  3:26  Zealot  
  32  3:31  Probe  
  33  3:38  Probe  
  34  3:46  Probe  
  35  3:53  Probe  
  36  4:00  Probe  
  37  4:05  Observer  
  37  4:08  Probe  
  39  4:15  Probe  
  40  4:22  Probe  
  41  4:26  Observer  
  41  4:29  Assimilator, Probe  
  43  4:36  Probe  
  43  4:37  Stalker  
  46  4:43  Probe  
  47  4:47  Pylon  
  47  4:50  Probe  
  48  4:58  Probe  
  49  5:05  Probe  
  50  10:00  Zealot  
  44  10:20  Probe  
  35  10:26  Pylon  
  24  10:29  Immortal  
  24  10:32  Probe  
  28  10:44  Probe  
  28  10:46  Gateway  
  28  10:48  Robotics Bay  
  28  10:49  Stargate  
  28  10:54  Zealot  
  28  10:56  Probe  
  31  10:58  Pylon  
  30  11:08  Probe  
  32  11:20  Stalker  
Tags
 
Add a new tag
Caveats
  • Supply blocks, unpowered buildings, or Contaminate may cause inaccurate times.
  • Supply counts are checked every 10 seconds.